 Dungeon Crawl Stone Soup version 0.28.0-53-g5a82cb258f (webtiles) character file.

Game seed: 18315024836664504852

178 Stomo the Skirmisher (level 5, -1/29 HPs)
             Began as a Vine Stalker Fighter on June 18, 2022.
             Slain by a scorpion (2 damage)
             ... on level 5 of the Dungeon.
             The game lasted 00:02:47 (2502 turns).

Stomo the Skirmisher (Vine Stalker Fighter)         Turns: 2502, Time: 00:02:48

Health: -1/29      AC:  6    Str: 21    XL:     5   Next: 58%
Magic:  0/6        EV: 10    Int:  8    God:
Gold:   108        SH:  0    Dex: 13    Spells: 4/4 levels left

rFire   . . .      SeeInvis .   a - +0 flail
rCold   . . .      Faith    .   (no shield)
rNeg    . . .      Spirit   +   b - +0 scale mail
rPois   .          Reflect  .   (no helmet)
rElec   .          Harm     .   (no cloak)
rCorr   .          Rampage  .   (no gloves)
Will    .....                   (no boots)
Stlth   ..........              (no amulet)
HPRegen 0.89/turn               (no ring)
MPRegen 0.10/turn               (no ring)

@: lethally poisoned (-1 -> -3), about to teleport
A: fangs 2, regeneration 1, magic shield, antimagic bite, no potion heal 2
a: no special abilities


You were on level 5 of the Dungeon.
You visited 1 branch of the dungeon, and saw 5 of its levels.

You collected 108 gold pieces.

Inventory:

Hand Weapons
 a - a +0 flail (weapon)
Armour
 b - a +0 scale mail (worn)
 c - a +0 buckler
Wands
 k - a wand of polymorph (4)
Scrolls
 f - 3 scrolls of identify
Potions
 d - a potion of might
 e - a potion of mutation {unknown}
 g - a potion of lignification {unknown}
 h - 3 potions of curing {unknown}
 i - a potion of degeneration {unknown}


   Skills:
 + Level 3.6 Fighting
 + Level 2.8 Maces & Flails
 + Level 3.2 Armour
 + Level 1.9 Dodging
 - Level 2.6 Shields


You had 4 spell levels left.
You didn't know any spells.
Your spell library was empty.

Dungeon Overview and Level Annotations

Branches:
Dungeon (6/15)
 Temple: D:4-7

Altars:


Innate Abilities, Weirdness & Mutations

You have extremely sharp teeth.
Your natural rate of healing is unusually fast.
When hurt, damage is shared between your health and your magic reserves.
Your bite disrupts and absorbs the magic of your enemies.
Potions cannot restore your health.


Message History

a +0 dagger; a +0 robe; an orc corpse HP restored.
A sky beast comes into view.
A sky beast is nearby!
A sky beast is nearby!
A sky beast is nearby!
Things that are here:
a +0 dagger; a +0 robe; an orc corpse A scorpion comes into view.
The sky beast flickers out of sight!
Deactivating autopickup; reactivate with Ctrl-A.
Okay, then.
Something hits you but does no damage.
As you read the scroll labelled VYELOGOOGUI, it crumbles to dust.
It is a scroll of identify.
j - a scroll of teleportation Something hits you.
Something shocks you.
Okay, then.
You hit something but do no damage. Something hits you. Something shocks you.
You miss something. Your bite misses something.
Something hits you but does no damage. The scorpion stings you.
As you read the scroll of teleportation, it crumbles to dust.
You feel strangely unstable. The scorpion stings you.
Something hits you but does no damage.
You hit the scorpion.
You bite the scorpion, but do no damage.
The scorpion is moderately wounded.
The scorpion misses you. Something hits you. Something shocks you.
* * * LOW HITPOINT WARNING * * *
The scorpion stings you.
* * * LOW HITPOINT WARNING * * *
You are lethally poisoned!
The scorpion poisons you!
Unknown command.
You closely miss the scorpion. Your bite misses the scorpion.
The scorpion is moderately wounded.
* * * LOW HITPOINT WARNING * * *
You feel very sick. Something hits you but does no damage.
The scorpion stings you.
You die...

#########
#####.....).#
#.s@{.#####.#
#.###.# #.#
#. #.# #.# ..
..# #.# ##.
#.# #.# #s
#.......# ..
.##..#### #.
. #. ..


You could see a scorpion.

Vanquished Creatures
  A scorpion (D:6)
  A hound (D:6)
  An orc wizard (D:5)
  2 adders (D:2)
  A worm (D:2)
  3 dart slugs
  5 ball pythons
  3 endoplasms
  2 giant cockroaches (D:1)
  3 goblins
  2 hobgoblins
  2 jackals (D:2)
  2 quokkas (D:1)
  A bat (D:1)
  2 frilled lizards (D:2)
  4 kobolds
  4 rats
39 creatures vanquished.

Notes
Turn   | Place    | Note
-------+----------+-------------------------------------------
     0 | D:1      | Stomo the Vine Stalker Fighter began the quest for the Orb.
     0 | D:1      | Reached XP level 1. HP: 11/11 MP: 2/2
   251 | D:1      | Found a faded altar of an unknown god.
   299 | D:1      | Reached XP level 2. HP: 16/16 MP: 3/3
  1050 | D:2      | Reached XP level 3. HP: 16/20 MP: 4/4
  1134 | D:2      | Reached skill level 1 in Dodging
  1843 | D:2      | Gained mutation: Your natural rate of healing is unusually
                  | fast. [Vine Stalker growth]
  1843 | D:2      | Reached XP level 4. HP: 19/24 MP: 3/5
  2244 | D:3      | You fall into a shaft and drop 3 floors!
  2244 | D:6      | Noticed a scorpion
  2323 | D:6      | HP: 1/24 [poisoned by a scorpion]
  2327 | D:6      | Killed a scorpion
  2328 | D:6      | Reached XP level 5. HP: 6/28 MP: 3/6
  2439 | D:6      | Noticed an orc warrior
  2452 | D:5      | Entered Level 5 of the Dungeon
  2482 | D:5      | Noticed a sky beast
  2502 | D:5      | HP: 1/29 [poisoned by a scorpion]
  2502 | D:5      | Slain by a scorpion

Illustrated notes

Levels and vault maps discovered:
D:1:      ncdulo_watergridlock, layout_basic,
          shapermc_ecumenical_altar_hornbeckon, chequers_mini_garden
D:2:      layout_loops_ring
D:3:      minmay_recursive_quarters, layout_basic, ebering_ghost_inner_flame
D:5:      layout_loops_ring
D:6:      layout_cave_pools, serial_shops, kennysheep_little_box

Skill      XL: |  1  2  3  4 |
---------------+-------------+-----
Fighting       | 3 |  3.6
Maces & Flails | 2 |  2.8
Dodging        | 1 |  1.9
Armour         | 3 |  3.2
Shields        | |  2.6

Action                   |  1- 3 |  4- 6 || total
-------------------------+-------+-------++-------
Melee: Flail             |    99 |    39 ||   138
       Bite              |    17 |    12 ||    29
       Punch             |     3 |       ||     3
  Use: Scroll            |       |     2 ||     2
Armor: Scale mail        |    50 |    33 ||    83
Dodge: Dodged            |    55 |    31 ||    86
